 Dungeon Crawl Stone Soup version 0.25-a0-100-g33052ceff8 (webtiles) character file.

Game seed: 8295658819883496235, levelgen mode: deterministic

252 DavidChitty2 the Magician (level 5, -3/28 HPs)
             Began as a Deep Elf Wizard on Nov 14, 2019.
             Slain by a bullfrog (9 damage)
             ... in a sewer.
             The game lasted 00:06:55 (3327 turns).

DavidChitty2 the Magician (Deep Elf Wizard)         Turns: 3327, Time: 00:06:55

Health: -3/28      AC:  2    Str:  4    XL:     5   Next: 89%
Magic:  2/14       EV: 13    Int: 24    God:
Gold:   45         SH:  0    Dex: 13    Spells: 3/14 levels left

rFire    . . .     SeeInvis .   a - +0 dagger
rCold    . . .     Gourm    .   (no shield)
rNeg     . . .     Faith    .   n - +0 robe
rPois    .         Spirit   .   b - +0 hat
rElec    .         Reflect  .   (no cloak)
rCorr    .         Harm     .   (no gloves)
MR       .....                  (no boots)
Stlth    ++........             (no amulet)
HPRegen  0.09/turn              (no ring)
MPRegen  0.14/turn              (no ring)

@: no status effects
A: no striking features
a: no special abilities


You were in a sewer.
You were not hungry.

You visited 1 branch of the dungeon, and saw 3 of its levels.
You also visited: Sewer.

You collected 45 gold pieces.

Inventory:

Hand Weapons
 a - a +0 dagger (weapon)
   (You found it on level 1 of the Dungeon)
Missiles
 d - 156 stones (quivered)
Armour
 b - a +0 hat (worn)
 n - a +0 robe (worn)
Scrolls
 c - a scroll of noise {unknown}
 f - a scroll of fear {unknown}
 h - 3 scrolls of teleportation {unknown}
 j - a scroll of fog {unknown}
 k - 3 scrolls of identify {unknown}
 p - a scroll of immolation {unknown}
Potions
 i - a potion of berserk rage {unknown}
 l - a potion of lignification {unknown}
 m - a potion of heal wounds {unknown}
 o - a potion of might {unknown}
 q - a potion of haste {unknown}
Comestibles
 e - 4 rations {!d}
 g - 4 chunks of flesh


   Skills:
 + Level 3.5 Dodging
 - Level 2.4 Stealth
 + Level 5.2 Spellcasting
 * Level 3.7 Conjurations
 - Level 2.0 Summonings
 - Level 2.0 Translocations
 + Level 1.2 Fire Magic
 + Level 1.3 Air Magic
 + Level 1.5 Poison Magic


You had 3 spell levels left.
You knew the following spells:

 Your Spells              Type           Power        Failure   Level  Hunger
a - Magic Dart            Conj           ###.         1%          1    None
b - Blink                 Tloc           N/A          5%          2    None
c - Conjure Flame         Conj/Fire      ###.....     10%         3    ##.....
m - Mephitic Cloud        Conj/Pois/Air  ###.....     11%         3    ##.....
x - Call Imp              Summ           ###.....     6%          2    None

Your spell library contained the following spells:

 Spells                   Type           Power        Failure   Level  Hunger
 Slow                     Hex            #.......     13%         2    None


Dungeon Overview and Level Annotations

Branches:
Dungeon (3/15)              Sewer (1/1)

Altars:
Makhleb
Zin

Annotations:
D:3 3 runed translucent doors


Message History

Moving in this stuff is going to be slow.
A bullfrog comes into view.
Aim: a bullfrog (water, resting)
The magic dart hits the bullfrog.
The bullfrog croaks.
A bullfrog comes into view.
Some shallow water.
The bullfrog hits you.
The ball explodes into a vile cloud!
The stinking cloud engulfs the bullfrog but does no damage.
The bullfrog croaks.
The bullfrog hits you! The bullfrog hits you.
The ball explodes into a vile cloud!
The stinking cloud engulfs the bullfrog but does no damage.
The bullfrog is engulfed in noxious fumes.
The bullfrog appears confused.
The bullfrog hits you!
* * * LOW HITPOINT WARNING * * *
The bullfrog is engulfed in noxious fumes.
The bullfrog appears confused.
The bullfrog is engulfed in noxious fumes. x2
The bullfrog appears confused.
The bullfrog barely misses the bullfrog.
The bullfrog hits itself.
The bullfrog is engulfed in noxious fumes.
The bullfrog appears confused.
The bullfrog hits the bullfrog!
The bullfrog completely misses itself.
Aim: a bullfrog (severely wounded, confused)
The magic dart hits the bullfrog.
Aim: a bullfrog (almost dead, confused)
The magic dart hits the bullfrog.
Aim: a bullfrog (almost dead, confused)
The magic dart hits the bullfrog.
You kill the bullfrog!
Training target 2.0 for Translocations reached!
Your Translocations skill increases to level 2!
Aim: a bullfrog (water, confused)
The magic dart hits the bullfrog.
You enter the shallow water.
Moving in this stuff is going to be slow.
You can't see any susceptible monsters within range! (Use Z to cast anyway.)
Aim: a bullfrog The ball explodes into a vile cloud!
The stinking cloud engulfs the bullfrog but does no damage.
The bullfrog is engulfed in noxious fumes. x2
The bullfrog appears confused.
Aim: a bullfrog (lightly wounded, confused)
The magic dart hits the bullfrog!
The bullfrog hits you.
* * * LOW HITPOINT WARNING * * *
The bullfrog hits you!
You die...

#.≈≈≈≈≈≈≈.............
#.≈≈≈≈≈≈≈≈≈≈≈≈≈≈≈≈≈≈≈≈
#.≈≈≈≈≈≈≈≈≈≈≈≈≈≈≈≈≈≈≈≈
#≈≈≈≈≈≈≈≈≈≈≈≈≈≈≈≈≈≈≈≈≈
#≈≈≈☼≈○≈..F......≈≈≈≈≈
#≈≈≈○☼#######≈≈≈≈≈≈≈≈≈
#.≈≈≈☼# #≈≈≈≈≈≈≈≈≈≈≈
#.≈≈F.# #≈≈≈≈≈≈≈≈≈≈.
#.≈≈≈@# #≈≈≈≈≈≈≈≈.≈≈≈
#.≈≈≈.# #≈≈≈≈≈≈≈≈=≈≈.
#.≈≈≈≈# #≈≈≈≈≈≈.$?)≈≈
#.≈≈≈≈# #≈≈≈≈≈≈..[.≈.
#.≈≈≈≈# #≈≈≈≈≈≈...≈≈.
#≈≈≈≈≈# ##F≈≈≈≈≈≈≈≈≈≈
#.≈≈≈≈# #.≈≈≈.#
#≈≈≈≈≈#


You could see a bullfrog (confused).

Vanquished Creatures
  A bullfrog (Sewer)
  A crimson imp (D:3)
  A jelly (D:2)
  An orc wizard (D:2)
  5 adders
  A dart slug (D:2)
  6 leopard geckos
  4 orcs
  2 bats (D:2)
  7 giant cockroaches
  3 goblins
  3 hobgoblins (D:1)
  5 jackals (D:2)
  3 quokkas
  2 ball pythons (Sewer)
  6 frilled lizards
  9 kobolds
  6 rats
66 creatures vanquished.

Vanquished Creatures (others)
  A giant cockroach (D:3)
1 creature vanquished.

Grand Total: 67 creatures vanquished

Notes
Turn   | Place    | Note
-------+----------+-------------------------------------------
     0 | D:1      | DavidChitty2 the Deep Elf Wizard began the quest for the
                  | Orb.
     0 | D:1      | Reached XP level 1. HP: 10/10 MP: 7/7
   310 | D:1      | Reached XP level 2. HP: 9/15 MP: 1/9
   426 | D:1      | Learned a level 2 spell: Call Imp
   429 | D:1      | Learned a level 2 spell: Blink
  1255 | D:2      | Reached XP level 3. HP: 19/19 MP: 7/11
  1291 | D:2      | Learned a level 3 spell: Conjure Flame
  1295 | D:2      | Learned a level 3 spell: Mephitic Cloud
  1913 | D:2      | Reached XP level 4. HP: 23/24 MP: 3/12
  2446 | D:3      | Found a runed translucent gate.
  2446 | D:3      | Found a runed translucent gate.
  2446 | D:3      | Found a runed translucent gate.
  2499 | D:3      | Found a burning altar of Makhleb.
  2500 | D:3      | Found a glowing silver altar of Zin.
  2500 | D:3      | Noticed an angel
  2501 | D:3      | Noticed a blizzard demon
  2528 | D:3      | Reached skill level 5 in Spellcasting
  2528 | D:3      | Reached skill level 1 in Air Magic
  2528 | D:3      | Reached skill level 1 in Poison Magic
  2528 | D:3      | Reached XP level 5. HP: 28/28 MP: 1/14
  2632 | D:3      | Found a glowing drain.
  2731 | D:3      | Reached skill level 1 in Fire Magic
  2760 | Sewer    | Entered a sewer
  3327 | Sewer    | Slain by a bullfrog

Levels and vault maps discovered:
D:1:      minmay_arrival_doors, layout_basic, hangedman_glass_teeth
D:2:      layout_loops_cross, hangedman_abyss_or_decor_lesser_grid,
          minmay_misc_feat_ornament
D:3:      layout_loops_ring, grunt_temple_overflow_order_and_chaos_2,
          gup_sewer_entry_glass, gammafunk_ghost_icy, uniq_grinder
Sewer:    sewer_frog_island_01

Skill      XL: |  1  2  3  4  5 |
---------------+----------------+-----
Conjurations   | 2 3 |  3.7
Dodging        | 3 |  3.5
Spellcasting   | 5 |  5.2
Air Magic      | 1 |  1.3
Poison Magic   | 1 |  1.5
Fire Magic     | 1 |  1.2
Summonings     | 2 |  2.0
Translocations | 2 |  2.0
Stealth        | |  2.4

Action                   |  1- 3 |  4- 6 || total
-------------------------+-------+-------++-------
Throw: Stone             |       |     1 ||     1
 Cast: Magic Dart        |    79 |    86 ||   165
       Conjure Flame     |     2 |     2 ||     4
       Mephitic Cloud    |       |     5 ||     5
  Eat: Chunk             |     3 |     4 ||     7
Armor: Robe              |     3 |     1 ||     4
Dodge: Dodged            |    12 |    12 ||    24

Table legend:
 A = Non-vault XP
 B = Vault XP
 C = Vault XP percentage of total XP
 D = Non-vault monster count
 E = Vault monster count
 F = Vault count percentage of total count
                 A         B        C        D         E       F
            +---------+---------+-------+---------+---------+-------
      Total |     205 |     155 |  43.1 |      46 |      20 |  30.3
            +---------+---------+-------+---------+---------+-------
        D:1 |      27 |       0 |   0.0 |      16 |       0 |   0.0
        D:2 |     121 |       0 |   0.0 |      26 |       0 |   0.0
        D:3 |      57 |      30 |  34.5 |       4 |       4 |  50.0
      Sewer |       0 |     125 | 100.0 |       0 |      16 | 100.0
            +---------+---------+-------+---------+---------+-------
